 Dungeon Crawl Stone Soup version 0.26-a0-1161-g0398aca569 (webtiles) character file.

Game seed: 9155212177999657217

2667 Gargoyl the Fighter (level 9, -5/74 HPs)
             Began as a Gnoll Abyssal Knight on Dec 23, 2020.
             Was an Elder of Lugonu.
             Slain by an orc warrior
             ... wielding a +0 war axe
              (17 damage)
             ... on level 7 of the Dungeon.
             The game lasted 00:08:04 (7750 turns).

Gargoyl the Fighter (Gnoll Abyssal Knight)          Turns: 7750, Time: 00:08:04

Health: -5/74      AC: 17    Str: 19    XL:     9   Next: 63%
Magic:  15/15      EV:  8    Int: 14    God:    Lugonu [****..]
Gold:   359        SH:  0    Dex: 14    Spells: 16/16 levels left

rFire    . . .     SeeInvis .   a - +3 hand axe
rCold    . . .     Faith    .   (no shield)
rNeg     . . .     Spirit   .   q - +0 plate armour
rPois    .         Reflect  .   n - +1 helmet
rElec    .         Harm     .   c - scarf {repulsion}
rCorr    .         Rampage  .   s - +0 pair of gloves
Will     .....                  e - +0 pair of boots
Stlth    ..........             g - amulet of the acrobat
HPRegen  0.22/turn              (no ring)
MPRegen  0.14/turn              (no ring)

@: repel missiles
A: distributed training, fangs 1, mutation resistance 1, strong nose
a: Renounce Religion, Depart the Abyss, Bend Space, Banish, Corrupt


You were on level 7 of the Dungeon.
You worshipped Lugonu.
Lugonu was greatly pleased with you.
You visited 1 branch of the dungeon, and saw 7 of its levels.
You visited the Abyss 1 time.

You collected 359 gold pieces.

Inventory:

Hand Weapons
 a - a +3 hand axe (weapon)
Missiles
 k - 23 poisoned darts (quivered)
Armour
 c - a scarf of repulsion (worn)
 e - a +0 pair of boots (worn)
 n - a +1 helmet (worn)
 q - a +0 plate armour (worn)
 s - a +0 pair of gloves (worn)
Jewellery
 g - an amulet of the acrobat (around neck)
Scrolls
 i - 4 scrolls of teleportation
 j - a scroll of identify
 p - 2 scrolls of remove curse
Potions
 b - 3 potions of might
 d - 2 potions of invisibility
 f - a potion of heal wounds
 h - a potion of magic {unknown}
 l - a potion of haste
 m - 3 potions of lignification {unknown}
 o - a potion of mutation
 r - a potion of curing


   Skills:
 + Level 8.0 Fighting
 + Level 4.4 Short Blades
 + Level 4.4 Long Blades
 + Level 6.4 Axes
 + Level 4.4 Maces & Flails
 + Level 4.4 Polearms
 + Level 4.4 Staves
 + Level 4.4 Slings
 + Level 4.4 Bows
 + Level 4.4 Crossbows
 + Level 4.4 Throwing
 + Level 6.4 Armour
 + Level 5.2 Dodging
 + Level 4.4 Stealth
 + Level 4.4 Shields
 + Level 4.4 Unarmed Combat
 + Level 4.4 Spellcasting
 + Level 3.6 Conjurations
 + Level 3.6 Hexes
 + Level 3.6 Summonings
 + Level 3.6 Necromancy
 + Level 3.6 Translocations
 + Level 3.6 Transmutations
 + Level 3.6 Fire Magic
 + Level 3.6 Ice Magic
 + Level 3.6 Air Magic
 + Level 3.6 Earth Magic
 + Level 3.6 Poison Magic
 + Level 6.8 Invocations
 + Level 4.4 Evocations


You had 16 spell levels left.
You didn't know any spells.
Your spell library contained the following spells:

 Spells                   Type           Power        Failure   Level
 Magic Dart               Conj           52%          71%         1
 Blink                    Tloc           N/A          85%         2
 Call Imp                 Summ           13%          85%         2
 Slow                     Hex            13%          85%         2
 Conjure Flame            Conj/Fire      13%          97%         3
 Mephitic Cloud           Conj/Pois/Air  13%          97%         3


Dungeon Overview and Level Annotations

Branches:
Dungeon (7/15)             Temple (0/1) D:7

Altars:


Innate Abilities, Weirdness & Mutations

Your experience applies equally to all skills.
You have very sharp teeth.
Your uncanny sense of smell can sniff out nearby items.
You are somewhat resistant to further mutation.


Message History

The orc warrior is poisoned.
The orc warrior is heavily wounded.
The orc warrior looks more healthy.
Throw: 25 darts (poison)
Press: ? - help, Q - select action, (/) - cycle Shift-Dir - straight line, f/p - orc warrior
Aim: an orc warrior, wielding a +0 war axe and wearing a +0 chain mail (heavily wounded)
You throw a poisoned dart. The poisoned dart hits the orc warrior.
The orc warrior is poisoned.
The orc warrior is heavily wounded.
The orc warrior hits you with a +0 war axe.
* * * LOW HITPOINT WARNING * * *
Throw: 24 darts (poison)
Press: ? - help, Q - select action, (/) - cycle Shift-Dir - straight line, f/p - orc warrior
Aim: an orc warrior, wielding a +0 war axe and wearing a +0 chain mail (heavily wounded, poisoned)
You throw a poisoned dart.
The poisoned dart barely misses the orc warrior.
You barely miss the orc warrior.
The orc warrior is heavily wounded.
The orc warrior hits you with a +0 war axe!
You die...

##.# #.# #.# ##.## #.#
∆ ....## #.# .....# #.#
∆ ##...# #.# ##...# #.#
.....####.#########.#.#
##......)(.....o@.....#
#.####.###############
##.# #.# ... #.# ##.
#.# ..# ###


You could see an orc warrior (poisoned).

Vanquished Creatures
  3 yaks (D:7)
  A water moccasin (D:5)
  A sky beast (D:6)
  An ice beast (D:6)
  A black bear (D:5)
  2 phantoms
  A necrophage (D:6)
  2 centaurs (D:5)
  A big kobold (D:6)
  3 bullfrogs (D:7)
  A scorpion (D:4)
  A howler monkey (D:4)
  A centaur zombie (D:6)
  A bullfrog skeleton (D:7)
  A quasit (D:6)
  A bullfrog zombie (D:5)
  4 hounds
  2 orc priests
  2 jellies
  2 orc wizards
  2 iguanas (D:5)
  Natasha (thrice) (D:3)
  5 worker ants
  A killer bee zombie (D:6)
  A hound skeleton (D:7)
  13 gnolls
  7 adders
  6 river rats (D:5)
  A shadow imp (D:7)
  2 white imps (D:5)
  An ufetubus (D:5)
  An ooze (D:2)
  An adder skeleton (D:7)
  An adder zombie (D:6)
  A worm (D:2)
  3 leopard geckos
  9 orcs
  5 giant cockroaches
  6 hobgoblins
  3 jackals (D:3)
  12 kobolds
  6 quokkas (D:5)
  A ball python (D:7)
  6 bats
  9 frilled lizards
  5 goblins
  A quokka skeleton (D:5)
  A quokka zombie (D:5)
  18 rats
163 creatures vanquished.

Vanquished Creatures (others)
  A plant (D:1)
1 creature vanquished.

Grand Total: 164 creatures vanquished

Notes
Turn   | Place    | Note
-------+----------+-------------------------------------------
     0 | Abyss:1  | Gargoyl the Gnoll Abyssal Knight began the quest for the
                  | Orb.
     0 | Abyss:1  | Reached XP level 1. HP: 23/23 MP: 3/3
    69 | Abyss:1  | Noticed a freezing wraith
    71 | D:1      | Escaped the Abyss
   290 | D:1      | Reached * piety under Lugonu
   362 | D:1      | Reached XP level 2. HP: 23/29 MP: 5/5
  1212 | D:2      | Reached XP level 3. HP: 27/35 MP: 6/6
  1644 | D:2      | Reached skill level 1 in Short Blades
  1644 | D:2      | Reached skill level 1 in Long Blades
  1644 | D:2      | Reached skill level 1 in Maces & Flails
  1644 | D:2      | Reached skill level 1 in Polearms
  1644 | D:2      | Reached skill level 1 in Staves
  1644 | D:2      | Reached skill level 1 in Slings
  1644 | D:2      | Reached skill level 1 in Bows
  1644 | D:2      | Reached skill level 1 in Crossbows
  1644 | D:2      | Reached skill level 1 in Throwing
  1644 | D:2      | Reached skill level 1 in Stealth
  1644 | D:2      | Reached skill level 1 in Shields
  1644 | D:2      | Reached skill level 1 in Unarmed Combat
  1644 | D:2      | Reached skill level 1 in Spellcasting
  1644 | D:2      | Reached skill level 1 in Evocations
  1838 | D:2      | Reached XP level 4. HP: 31/41 MP: 7/7
  2271 | D:2      | Reached ** piety under Lugonu
  2280 | D:2      | Reached skill level 1 in Conjurations
  2280 | D:2      | Reached skill level 1 in Hexes
  2280 | D:2      | Reached skill level 1 in Summonings
  2280 | D:2      | Reached skill level 1 in Necromancy
  2280 | D:2      | Reached skill level 1 in Translocations
  2280 | D:2      | Reached skill level 1 in Transmutations
  2280 | D:2      | Reached skill level 1 in Fire Magic
  2280 | D:2      | Reached skill level 1 in Ice Magic
  2280 | D:2      | Reached skill level 1 in Air Magic
  2280 | D:2      | Reached skill level 1 in Earth Magic
  2280 | D:2      | Reached skill level 1 in Poison Magic
  2669 | D:3      | Gained mutation: You are somewhat resistant to further
                  | mutation. [potion of mutation]
  2706 | D:3      | Reached XP level 5. HP: 47/47 MP: 8/8
  2890 | D:3      | Noticed Natasha
  2899 | D:3      | Killed Natasha
  3161 | D:3      | Noticed Natasha
  3172 | D:3      | Killed Natasha
  3511 | D:3      | Noticed Natasha
  3520 | D:3      | Killed Natasha
  3701 | D:4      | Reached skill level 5 in Invocations
  3701 | D:4      | Reached XP level 6. HP: 49/53 MP: 9/9
  3774 | D:4      | Reached skill level 5 in Axes
  3774 | D:4      | Reached skill level 5 in Armour
  4002 | D:4      | Noticed a phantom
  4015 | D:4      | Killed a phantom
  4016 | D:4      | Reached XP level 7. HP: 28/59 MP: 10/10
  4308 | D:4      | Reached skill level 7 in Fighting
  4708 | D:5      | Entered Level 5 of the Dungeon
  5165 | D:5      | Reached *** piety under Lugonu
  5297 | D:5      | Reached XP level 8. HP: 65/67 MP: 12/12
  6528 | D:6      | Reached **** piety under Lugonu
  6596 | D:6      | Reached XP level 9. HP: 69/73 MP: 14/14
  7469 | D:7      | Found a staircase to the Ecumenical Temple.
  7515 | D:7      | Reached skill level 5 in Dodging
  7535 | D:7      | Reached skill level 8 in Fighting
  7750 | D:7      | Slain by an orc warrior

Illustrated notes

Levels and vault maps discovered:
D:1:      sevenhm_arrival_forest_fort_small_3, layout_basic
D:2:      layout_basic
D:3:      layout_loops_corners, uniq_natasha
D:4:      layout_basic
D:5:      lemuel_ratsnest, layout_rooms, item_on_display_a
D:6:      layout_cave_pools, serial_bayou_ford_a
D:7:      minmay_the_grid_triangle_9x9_rhombus_thin
          [minmay_the_grid_triangle_9x9_shrine,
          minmay_the_grid_triangle_9x9_prize_schism,
          minmay_the_grid_triangle_9x9_alien,
          minmay_the_grid_triangle_9x9_swiss_cheese], layout_loops_ring,
          minmay_temple_entry_butterflies

Skill      XL: |  1  2  3  4  5  6  7  8  9 |
---------------+----------------------------+-----
Short Blades   | 1 2 3 4 |  4.4
Long Blades    | 1 2 3 4 |  4.4
Maces & Flails | 1 2 3 4 |  4.4
Polearms       | 1 2 3 4 |  4.4
Staves         | 1 2 3 4 |  4.4
Slings         | 1 2 3 4 |  4.4
Bows           | 1 2 3 4 |  4.4
Crossbows      | 1 2 3 4 |  4.4
Throwing       | 1 2 3 4 |  4.4
Stealth        | 1 2 3 4 |  4.4
Shields        | 1 2 3 4 |  4.4
Unarmed Combat | 1 2 3 4 |  4.4
Spellcasting   | 1 2 3 4 |  4.4
Evocations     | 1 2 3 4 |  4.4
Conjurations   | 1 2 3 |  3.6
Hexes          | 1 2 3 |  3.6
Summonings     | 1 2 3 |  3.6
Necromancy     | 1 2 3 |  3.6
Translocations | 1 2 3 |  3.6
Transmutations | 1 2 3 |  3.6
Fire Magic     | 1 2 3 |  3.6
Ice Magic      | 1 2 3 |  3.6
Air Magic      | 1 2 3 |  3.6
Earth Magic    | 1 2 3 |  3.6
Poison Magic   | 1 2 3 |  3.6
Dodging        | 3 4 5 |  5.2
Invocations    | 5 6 |  6.8
Axes           | 5 6 |  6.4
Armour         | 5 6 |  6.4
Fighting       | 7 8 |  8.0

Action                   |  1- 3 |  4- 6 |  7- 9 || total
-------------------------+-------+-------+-------++-------
Melee: Hand axe          |    90 |   142 |   382 ||   614
       Bite              |     7 |    13 |    45 ||    65
       Punch             |       |     3 |     9 ||    12
Throw: Dart              |       |       |     3 ||     3
Invok: Depart the Abyss  |     1 |       |       ||     1
  Use: Scroll            |     2 |    11 |     6 ||    19
       Potion            |     1 |     1 |       ||     2
Armor: Leather armour    |     6 |       |       ||     6
       Chain mail        |    37 |    23 |       ||    60
       Plate armour      |       |   114 |   322 ||   436
Dodge: Dodged            |    36 |    48 |   201 ||   285
       Repelled          |       |       |     1 ||     1

Table legend: (Time is in decaauts)
 A = Elapsed time spent in this place.
 B = Non-inter-level travel time spent in this place.
 C = Inter-level travel time spent in this place.
 D = Time resting spent in this place.
 E = Time spent auto-exploring this place.
 F = Levels seen in this place.
 G = Mean time per level.
                   A        B        C        D        E       F      G
               +--------+--------+--------+--------+--------+-----+--------+
         Total |   7770 |   7619 |    151 |    734 |   5544 |   8 |  971.2 |
       Dungeon |   7699 |   7548 |    151 |    734 |   5477 |   7 | 1099.9 |
         Abyss |     71 |     71 |      0 |      0 |     67 |   1 |   71.0 |
               +--------+--------+--------+--------+--------+-----+--------+

Top non-repeatable levels by time:
     D:2: 1588 daAuts
     D:5: 1356 daAuts
     D:4: 1053 daAuts
     D:1: 1010 daAuts
     D:3: 1001 daAuts
     D:7: 875 daAuts
     D:6: 813 daAuts
 Abyss:1: 71 daAuts
